 Dungeon Crawl Stone Soup version 0.31.0-32-g396128a36d (webtiles) character file.

Game seed: 10598732682439287567

31 firemarshallily the Covered (level 3, 0/31 HPs)
             Began as an Armataur Fighter on Apr 15, 2024.
             Slain by Blork the orc
             ... wielding a +3 heavy halberd
              (21 damage)
             ... on level 4 of the Dungeon.
             The game lasted 00:01:44 (1035 turns).

firemarshallily the Covered (Armataur Fighter)      Turns: 1035, Time: 00:01:45

Health: 0/31       AC:  7    Str: 23    XL:     3   Next: 7%
Magic:  3/3        EV:  7    Int: 14    God:
Gold:   97         SH:  4    Dex:  9    Spells: 2/2 levels left

rFire   . . .        a - +0 flail
rCold   . . .        c - +0 buckler
rNeg    . . .        b - +0 scale mail
rPois   .            (no helmet)
rElec   .            (no cloak)
rCorr   .            (no gloves)
SInv    .            (no barding)
Will    .....        (no amulet) Stlth
                     e - +6 ring of intelligence
HPRegen 0.25/turn    (no ring)
MPRegen 0.08/turn

%: roll
@: mighty, weak-willed
A: large, deformed body, tough skin 3, armoured tail, roll 1
a: no special abilities


You were on level 4 of the Dungeon.
You visited 1 branch of the dungeon, and saw 3 of its levels.

You collected 97 gold pieces.

Inventory:

Hand Weapons
 a - a +0 flail (weapon)
Missiles
 h - 2 poisoned darts (quivered)
Armour
 b - a +0 scale mail (worn)
 c - a +0 buckler (worn)
Jewellery
 e - a +6 ring of intelligence (left hand)
Potions
 g - a potion of invisibility {unknown}


   Skills:
 * Level 3.1 Fighting
 * Level 2.3 Maces & Flails
 + Level 3.9 Armour
 + Level 3.5 Shields


You had 2 spell levels left.
You didn't know any spells.
Your spell library contained the following spells:

 Spells                   Type           Power      Damage    Failure   Level
 Hailstorm                Conj/Ice       0%         3d5       95%         3
 Summon Ice Beast         Ice/Summ       0%         N/A       95%         3
 Sculpt Simulacrum        Ice/Alch       0%         N/A       100%        6


Dungeon Overview and Level Annotations

Branches:
Dungeon (2/15)

Altars:

Annotations:
D:4 Blork the orc


Innate Abilities, Weirdness & Mutations

Armour fits poorly on your strangely shaped body.
You have extremely tough skin. (AC +3)
You have a long armoured tail.
You regenerate magic when rolling toward enemies. (Rampage MPRegen)


Message History

A malevolent force fills the Dungeon...
You fall into a shaft and drop 2 floors!
The shaft crumbles and collapses.
Found 13 gold pieces.
A black bear comes into view.
The black bear growls angrily.
You hear an angry hiss.
You hear a shout!
Blork the orc comes into view.
He is wielding a +3 heavy halberd.
Found a ring mail.
Found a stone staircase leading down.
Blork the orc shouts!
Blork the orc moves out of view.
An iguana comes into view.
You see here 13 gold pieces.
Okay, then.
As you read the scroll labelled VUCUOT TE NALL, it crumbles to dust.
It is a scroll of amnesia.
You feel forgetful for a moment.
A white imp comes into view.
As you read the scroll labelled FEEX KOORAHIU, it crumbles to dust.
The white imp shouts!
A wave of despondency washes over your surroundings.
It was a scroll of vulnerability.
The white imp gestures at you.
The puff of frost hits you but does no damage.
Blork the orc attacks as he pursues you!
Blork the orc barely misses you.
Blork the orc points at you and mumbles some strange words.
The puff of flame hits you!
You feel very mighty all of a sudden.
Throw: 3 darts (poison)
Press: ? - help, Q - select action Shift-Dir - straight line, f - Blork the orc
Aim: Blork the orc, wielding a +3 heavy halberd and wearing a +2 robe (weak-willed, 54% to hit)
You throw a poisoned dart.
The poisoned dart completely misses Blork the orc.
You sock the black bear!
The black bear is moderately wounded.
The black bear completely misses you. The black bear claws you.
The black bear claws you but does no damage.
Blork the orc hits you from afar with a +3 heavy halberd!!
Ouch! That really hurt!
You die...

.. .##. .. ...#
.[. #..#
..5.##..#
....#..5####
..>........###
...........h@#
.........lo####
....##.$......#
.......(......#
##....#....#.##
......#...##.#
..... #..## ##
##... #### ....


You could see Blork the orc (weak-willed), a black bear (weak-willed), an iguana
(weak-willed) and a white imp (weak-willed).

Vanquished Creatures
  A dart slug (D:1)
  2 endoplasms (D:1)
  2 giant cockroaches (D:1)
  5 goblins (D:1)
  2 hobgoblins (D:1)
  2 jackals (D:1)
  2 quokkas (D:1)
  A ball python (D:1)
  3 bats (D:1)
  2 frilled lizards (D:1)
  2 kobolds (D:1)
  A rat (D:1)
25 creatures vanquished.

Notes
Turn   | Place    | Note
-------+----------+-------------------------------------------
     0 | D:1      | firemarshallily the Armataur Fighter began the quest for
                  | the Orb.
     0 | D:1      | Reached XP level 1. HP: 18/18 MP: 1/1
    67 | D:1      | Reached XP level 2. HP: 20/25 MP: 2/2
   802 | D:1      | Reached XP level 3. HP: 31/31 MP: 3/3
   896 | D:1      | Found a faded altar of an unknown god.
  1021 | D:2      | You fall into a shaft and drop 2 floors!
  1023 | D:4      | Noticed a black bear
  1024 | D:4      | Noticed Blork the orc
  1035 | D:4      | Slain by Blork the orc

Illustrated notes

Levels and vault maps discovered:
D:1:      evilmike_arrival_rings, layout_basic, chequers_ecumenical_altar_grove,
          minmay_circled_x
D:2:      layout_basic
D:4:      layout_cave_pools, grunt_qazlal_sundering, serial_shops, shop,
          uniq_blork_the_orc, uniq_natasha, uniq_edmund

Skill      XL: |  1  2 |
---------------+-------+-----
Maces & Flails | 2 |  2.3
Fighting       | 3 |  3.1
Armour         | |  3.9
Shields        | |  3.5

Action                     || total
---------------------------++-------
  Melee: Flail             ||    73
         Tailslap          ||     5
  Throw: Dart              ||     1
    Use: Scroll            ||     2
         Potion            ||     1
 Armour: Scale mail        ||    84
  Dodge: Dodged            ||    39
  Block: Buckler           ||    18
